 Dungeon Crawl Stone Soup version 0.29.0-15-g675c0067aa (webtiles) character file.

Game seed: 15216875094059331989

4 qw the Sneak (level 1, 0/14 HPs)
             Began as a Gargoyle Delver on Sept 11, 2022.
             Slain by a centaur (4 damage)
             ... on level 5 of the Dungeon.
             The game lasted 00:00:02 (33 turns).

qw the Sneak (Gargoyle Delver)                        Turns: 33, Time: 00:00:04

Health: 0/14       AC:  5    Str: 15    XL:     1   Next: 70%
Magic:  1/1        EV: 11    Int: 10    God:
Gold:   0          SH:  0    Dex: 11    Spells: 0/0 levels left

rFire   . . .      SeeInvis .   a - +0 hand axe
rCold   . . .      Faith    .   (no shield)
rNeg    + . .      Spirit   .   b - +0 leather armour
rPois   inf        Reflect  .   (no helmet)
rElec   +          Harm     .   (no cloak)
rCorr   .          Rampage  .   (no gloves)
Will    .....                   (no boots)
Stlth   +++.......              (no amulet)
HPRegen 0.04/turn               (no ring)
MPRegen 0.07/turn               (no ring)

@: no status effects
A: sickness immunity, AC +2, negative energy resistance 1, electricity
resistance, torment resistance 1, petrification resistance
a: no special abilities


You were on level 5 of the Dungeon.
You visited 1 branch of the dungeon, and saw 1 of its levels.


Innate Abilities, Weirdness & Mutations

You are immune to sickness and miasma.
Your stone body is resilient. (AC +2)
You are immune to poison.
You resist negative energy. (rN+)
You are resistant to electric shocks. (rElec)
You are resistant to unholy torment.
You are immune to petrification.


   Skills:
 - Level 3.2 Fighting
 + Level 2.2 Axes
 - Level 1.5 Dodging
 - Level 5.4 Stealth


You couldn't memorise any spells.
You didn't know any spells.
Your spell library was empty.

Inventory:

Hand Weapons
 a - a +0 hand axe (weapon)
Armour
 b - a +0 leather armour (worn)
Wands
 g - a wand of digging (3)
Scrolls
 c - a scroll of fog
 d - a scroll of magic mapping
 e - a scroll of fear
Potions
 f - a potion of haste

Dungeon Overview and Level Annotations

Branches:
Dungeon (5/15)
 Temple: D:4-7

Altars:

Portals:
Sewer: D:5


Message History

The centaur shouts!
You hit the river rat but do no damage. You closely miss the ball python.
The ball python barely misses you. The ball python closely misses you.
The river rat closely misses you. The ball python completely misses you.
The ball python grabs you. The ball python constricts you.
You hit the ball python.
You kill the ball python!
You barely miss the centaur. You hit the river rat.
The centaur barely misses you.
The centaur kicks you but does no damage.
The river rat closely misses you. The centaur hits you.
The centaur barely misses you.
You barely miss the river rat.
The river rat is moderately wounded.
You hit the centaur but do no damage. You hit the giant cockroach.
The giant cockroach closely misses you. The river rat barely misses you.
The centaur barely misses you. x2
You hit the giant cockroach.
You kill the giant cockroach!
You closely miss the river rat. You closely miss the centaur.
The centaur closely misses you. The centaur barely misses you.
The river rat bites you but does no damage.
The centaur hits you.
The centaur kicks you but does no damage.
The river rat closely misses you.
You hit the river rat but do no damage.
The river rat is moderately wounded.
You hit the giant cockroach. You hit the centaur but do no damage.
The giant cockroach bites you but does no damage.
The centaur hits you but does no damage.
The centaur kicks you but does no damage.
The centaur hits you but does no damage.
The centaur kicks you but does no damage.
The giant cockroach bites you but does no damage.
The river rat bites you but does no damage.
You closely miss the giant cockroach.
The giant cockroach is severely wounded.
You hit the river rat but do no damage. You hit the centaur but do no damage.
The centaur hits you.
You die...

#. #. ######.##
.........
........##
..~~~....###
.~~~~~.B...########
.~~\~~r@...>.......
.~~~~~%c##.########
..~~~...##.#
........##.#
........##.#
.#####.###.. .. ###
##


You could see a centaur, a river rat and a giant cockroach.

Vanquished Creatures
  2 giant cockroaches (D:5)
  2 ball pythons (D:5)
  A rat (D:5)
5 creatures vanquished.

Notes
Turn   | Place    | Note
-------+----------+-------------------------------------------
     0 | D:5      | qw the Gargoyle Delver began the quest for the Orb.
     0 | D:5      | Reached XP level 1. HP: 14/14 MP: 1/1
     0 | D:5      | 0 ||| qw: Version: 0.1-a-117-gfe26ee0
     0 | D:5      | 0 ||| qw: Game counter: 10192
     0 | D:5      | 0 ||| qw: Always use a shield: true
     0 | D:5      | 0 ||| qw: God list: Okawaru
     0 | D:5      | 0 ||| qw: Allow faded altars: false
     0 | D:5      | 0 ||| qw: Do Orc after D:15 true
     0 | D:5      | 0 ||| qw: Do second Lair branch before Depths: true
     0 | D:5      | 0 ||| qw: Lair rune preference: random
     0 | D:5      | 0 ||| qw: Plans: Normal
     0 | D:5      | 0 ||| PLANNING D:1-11
     0 | D:5      | Found a glowing drain.
    25 | D:5      | Noticed a centaur
    33 | D:5      | Slain by a centaur

Levels and vault maps discovered:
D:5:      layout_loops_ring, kiku_gazebo_pond_becter, led_sif_pool,
          portal_sewer_entry_a, minmay_fractal_squares_gapless_5

Skill      XL: |  1 |
---------------+----+-----
Axes           | 2 |  2.2
Fighting       | |  3.2
Dodging        | |  1.5
Stealth        | |  5.4

Action                   || total
-------------------------++-------
Melee: Hand axe          ||    12
Armor: Leather armour    ||    13
Dodge: Dodged            ||    16

Table legend:
 A = Non-vault XP
 B = Vault XP
 C = Vault XP percentage of total XP
 D = Non-vault monster count
 E = Vault monster count
 F = Vault count percentage of total count
                 A         B        C        D         E       F
            +---------+---------+-------+---------+---------+-------
      Total |       0 |       7 | 100.0 |       0 |       5 | 100.0
            +---------+---------+-------+---------+---------+-------
        D:5 |       0 |       7 | 100.0 |       0 |       5 | 100.0
            +---------+---------+-------+---------+---------+-------
